 Dungeon Crawl Stone Soup version 0.22.0-1-g6561e4c (webtiles) character file.

13874 HEYYEYAAE the Spear-Bearer (level 11, -7/101 HPs)
             Began as a Demigod Fighter on Aug 12, 2018.
             Mangled by a two-headed ogre
             ... wielding a +0 giant club
              (11 damage)
             ... on level 12 of the Dungeon.
             The game lasted 00:13:40 (10694 turns).

HEYYEYAAE the Spear-Bearer (Demigod Fighter)       Turns: 10694, Time: 00:13:41

Health: -7/101     AC: 10    Str: 25    XL:     11   Next: 52%
Magic:  0/14       EV: 11    Int: 12    God:
Gold:   496        SH:  0    Dex: 15    Spells: 10/10 levels left

rFire    . . .     SeeInvis +   D - +4 halberd (flame)
rCold    . . .     Gourm    .   (shield currently unavailable)
rNeg     . . .     Faith    .   y - +2 troll leather armour {Purgy}
rPois    .         Spirit   +   t - +0 helmet
rElec    .         Reflect  .   G - scarf {repulsion}
rCorr    .         Harm     .   (no gloves)
MR       +....                  (no boots)
Stlth    +.........             H - amulet of guardian spirit
HPRegen  0.66/turn              g - +3 ring of protection
MPRegen  0.14/turn              E - ring of see invisible

@: very slightly contaminated, hasted, studying Slings, repel missiles, very
quick
A: high mp 1
a: no special abilities


You were on level 12 of the Dungeon.
You were near starving.

You visited 1 branch of the dungeon, and saw 13 of its levels.
You also visited: Labyrinth.

You collected 688 gold pieces.
You spent 192 gold pieces at shops.

Inventory:

Hand Weapons
 D - a +4 halberd of flaming (weapon)
 F - a +0 glaive
Armour
 o - a +0 cloak
 t - a +0 helmet (worn)
 y - a +2 troll leather armour (worn) {Purgy}
 G - a scarf of repulsion (worn)
Jewellery
 g - a +3 ring of protection (left hand)
 q - a +3 amulet of reflection {unknown}
 E - a ring of see invisible (right hand)
 H - an amulet of guardian spirit (around neck)
 I - an uncursed ring of fire {unknown}
 J - an uncursed ring of ice {unknown}
Wands
 b - a wand of iceblast (6)
 s - a wand of enslavement (9)
 A - a wand of polymorph (33)
 C - a wand of flame (43)
 L - a wand of random effects (7)
 Q - a wand of acid (2)
Scrolls
 e - a scroll of blinking
 h - 2 scrolls of noise
 i - a scroll of magic mapping
 j - 4 scrolls of immolation
 k - 3 scrolls of amnesia
 l - 6 scrolls of remove curse
 n - 5 scrolls of teleportation
 u - a scroll of acquirement {unknown}
 v - 2 scrolls of identify
 K - 2 scrolls of holy word {unknown}
 M - 2 scrolls of vulnerability {unknown}
 O - a scroll of torment {unknown}
Potions
 a - a potion of resistance
 c - 4 potions of brilliance
 d - a potion of might
 p - 2 potions of haste
 r - 4 potions of curing
 x - a potion of mutation {unknown}
 z - a potion of invisibility
 R - a potion of ambrosia {unknown}
 S - a potion of degeneration {unknown}
Books
 N - a manual of Slings
Miscellaneous
 P - a phantom mirror
Comestibles
 f - 24 rations


   Skills:
 + Level 10.5 Fighting
 * Level 14.0 Polearms
 - Level 2.6 Armour
   Level 2.6 Shields


You had 10 spell levels left.
You didn't know any spells.
Your spell library contained the following spells:

 Spells                   Type           Power        Failure   Level  Hunger
 Magic Dart               Conj           #...         36%         1    ##.....
 Apportation              Tloc           #.....       36%         1    ##.....
 Conjure Flame            Conj/Fire      #.......     73%         3    ####...
 Slow                     Hex            #.......     50%         2    ###....
 Confuse                  Hex            #.......     73%         3    ####...
 Freezing Cloud           Conj/Ice/Air   #.........   100%        6    #######
 Mephitic Cloud           Conj/Pois/Air  #.......     73%         3    ####...
 Ring of Flames           Chrm/Fire      #.........   100%        7    #######
 Summon Small Mammal      Summ           #...         36%         1    ##.....
 Blink                    Tloc           N/A          50%         2    ###....
 Animate Skeleton         Necr           N/A          36%         1    ##.....
 Summon Ice Beast         Ice/Summ       #.......     98%         4    #####..
 Call Imp                 Summ           #.......     50%         2    ###....
 Stone Arrow              Conj/Erth      #.....       73%         3    ####...
 Confusing Touch          Hex            #.....       36%         1    ##.....
 Passwall                 Tmut/Erth      #.......     50%         2    ###....
 Call Canine Familiar     Summ           #.......     73%         3    ####...
 Metabolic Englaciation   Hex/Ice        #.........   100%        5    ######.
 Lee's Rapid Deconstruct  Erth           #.........   100%        5    ######.
 Sandblast                Erth           #.....       36%         1    ##.....
 Petrify                  Tmut/Erth      #.......     98%         4    #####..
 Summon Lightning Spire   Summ/Air       #.......     98%         4    #####..
 Summon Guardian Golem    Hex/Summ       #.......     73%         3    ####...
 Gell's Gravitas          Tloc           #.........   73%         3    ####...
 Yara's Violent Unravell  Hex/Tmut       #.........   100%        5    ######.
 Poisonous Vapours        Pois/Air       #.....       50%         2    ###....


Dungeon Overview and Level Annotations

Branches:
Dungeon (13/15)            Temple (0/1) D:7            Lair (0/6) D:8
    Orc (0/2) D:10
 Vaults: D:13-14

Shops:
D:4 *


Innate Abilities, Weirdness & Mutations

You have an increased reservoir of magic. (+10% MP)


Message History

Aim: a two-headed ogre, wielding two giant clubs (chance to defeat MR: 28%)
The two-headed ogre easily resists.
The two-headed ogre hits you with a giant club.
* * * LOW HITPOINT WARNING * * *
The two-headed ogre closely misses you.
Unknown command.
Evoke which item? (* to show all) (? for menu, Esc to quit)
Aiming: Enslavement
Press: ? - help, Shift-Dir - straight line, f/p - two-headed ogre
Aim: a two-headed ogre, wielding two giant clubs (chance to defeat MR: 28%)
Okay, then.
You feel yourself speed up.
The two-headed ogre hits you with a giant club!
* * * LOW HITPOINT WARNING * * *
The two-headed ogre barely misses you.
You feel better.
The two-headed ogre hits you with a giant club!
* * * LOW HITPOINT WARNING * * *
The two-headed ogre hits you with a giant club!
You die...

..# ###)##........##.#......# ..#
#(...((...#.####.##.###.# .##
#.#)##.#..#.####.######.# .#
#.#.([[...#......# #..#
.#####.###..#.######### #.##
.......# #J##.# ####### #.#
.#####.###W##.###.....# #.#
........##.#<.J##.....# ##.#####
........##W#..WO@.....# #.......
....(...##.#...##.....# #.>####.
..####.###.######.....# #..####.
.......# #.# ####### #....##.
..###### #.# #.##.##. ......# #.#
########.##.##. ..###.# #.#
#......#.......
...##.####.########.####.####.###
.#......##.##.............###.#


You could see a slime creature, a two-headed ogre and a hungry ghost.

Vanquished Creatures
  A minotaur (Lab)
  A two-headed ogre (D:12)
  Nergalle (D:12)
  2 unseen horrors
  A wizard (D:9)
  A manticore (D:13)
  An ugly thing (D:12)
  2 cyclopes (D:11)
  A centaur skeleton (D:12)
  A komodo dragon (D:10)
  2 trolls
  2 hornets
  2 slime creatures
  3 hippogriffs
  2 redbacks (Lab)
  A basilisk (D:11)
  A wraith (D:11)
  5 yaks (D:7)
  A hungry ghost (D:12)
  A soldier ant (D:13)
  An acid dragon (D:12)
  A water moccasin (D:11)
  3 orc warriors
  2 sky beasts
  Purgy (D:4)
  4 ogres
  An ice beast (D:6)
  2 phantoms
  2 centaurs
  2 crocodiles
  2 big kobolds
  3 bullfrogs
  2 scorpions
  11 killer bees
  6 howler monkeys
  6 crimson imps
  A bullfrog zombie (D:5)
  A centaur zombie (D:11)
  A quasit (D:11)
  13 orc priests
  6 hounds
  A bullfrog skeleton (D:12)
  A jelly (D:5)
  15 orc wizards
  8 worker ants
  A hound skeleton (D:9)
  Robin (D:4)
  4 gnolls (D:5)
  A worker ant zombie (D:5)
  9 adders
  A shadow imp (D:6)
  3 oozes
  5 worms
  8 leopard geckos
  59 orcs
  2 ball pythons
  5 bats
  5 giant cockroaches
  13 goblins
  7 hobgoblins
  15 kobolds
  9 quokkas
  5 frilled lizards
  A leopard gecko skeleton (D:6)
  11 rats
  A plant (D:11)
294 creatures vanquished.

Notes
Turn   | Place    | Note
-------+----------+-------------------------------------------
     0 | D:1      | HEYYEYAAE the Demigod Fighter began the quest for the Orb.
     0 | D:1      | Reached XP level 1. HP: 18/18 MP: 3/3
    79 | D:1      | Reached skill level 2 in Polearms
   136 | D:1      | Reached XP level 2. HP: 20/25 MP: 4/4
   662 | D:2      | Reached XP level 3. HP: 31/31 MP: 5/5
   666 | D:2      | Reached skill level 3 in Polearms
   812 | D:2      | Found a deep blue altar of Sif Muna.
  1370 | D:3      | Found a faded altar of an unknown god.
  1485 | D:3      | Found a sparkling altar of Nemelex Xobeh.
  1668 | D:3      | Reached XP level 4. HP: 25/38 MP: 6/6
  1964 | D:4      | Reached skill level 4 in Polearms
  2300 | D:4      | Reached XP level 5. HP: 36/46 MP: 7/7
  2336 | D:4      | Noticed Robin
  2699 | D:4      | Found a blossoming altar of Fedhas.
  2763 | D:4      | Noticed an ogre
  3091 | D:3      | Killed an ogre
  3091 | D:3      | Reached skill level 5 in Polearms
  3168 | D:4      | Reached XP level 6. HP: 28/52 MP: 8/8
  3385 | D:4      | Killed Robin
  3478 | D:4      | Found a hazy altar of Hepliaklqana.
  3563 | D:4      | Noticed Purgy
  3570 | D:4      | Killed Purgy
  3889 | D:4      | Found Qovina's Assorted Antiques.
  3897 | D:4      | Bought a shiny bone wand for 96 gold pieces
  3897 | D:4      | Bought a shiny glass wand for 96 gold pieces
  3943 | D:5      | Entered Level 5 of the Dungeon
  3997 | D:5      | Reached skill level 6 in Polearms
  4006 | D:5      | Reached XP level 7. HP: 55/60 MP: 9/9
  4024 | D:5      | Reached skill level 5 in Fighting
  4311 | D:5      | Found a shadowy altar of Dithmenos.
  4332 | D:5      | Reached skill level 7 in Polearms
  4993 | D:6      | Reached XP level 8. HP: 70/70 MP: 10/10
  5035 | D:6      | Noticed a green death
  5036 | D:6      | Found a burning altar of Makhleb.
  5039 | D:6      | Found a glowing silver altar of Zin.
  5039 | D:6      | Noticed an angel
  5791 | D:7      | Reached skill level 8 in Polearms
  5834 | D:7      | Reached skill level 9 in Polearms
  5923 | D:7      | Found a staircase to the Ecumenical Temple.
  6016 | D:7      | Noticed a dagger
  6017 | D:7      | Reached XP level 9. HP: 79/79 MP: 11/11
  6018 | D:7      | Noticed a dagger
  6044 | D:7      | Found a hide-covered altar of Uskayaw.
  6522 | D:8      | Reached skill level 10 in Polearms
  6555 | D:8      | Paralysed by a hornet for 3 turns
  6565 | D:8      | Paralysed by a hornet for 1 turns
  6672 | D:8      | Found a staircase to the Lair.
  6825 | D:8      | Found a basalt altar of Yredelemnul.
  7426 | D:9      | Noticed a wizard
  7439 | D:9      | Killed a wizard
  7443 | D:9      | Reached skill level 11 in Polearms
  7603 | D:9      | Found a sparkling altar of Nemelex Xobeh.
  7727 | D:9      | Found a glowing golden altar of the Shining One.
  7754 | D:10     | Entered Level 10 of the Dungeon
  7769 | D:10     | Found a staircase to the Orcish Mines.
  7823 | D:10     | Reached XP level 10. HP: 80/90 MP: 11/13
  7830 | D:10     | Noticed an unseen horror
  7836 | D:10     | Killed an unseen horror
  8074 | D:10     | Found a roughly hewn altar of Beogh.
  8448 | D:11     | Reached skill level 12 in Polearms
  8597 | D:11     | Noticed a cyclops
  8672 | D:11     | Found a labyrinth entrance.
  8678 | Lab      | Entered a labyrinth
  8935 | Lab      | Noticed a minotaur
  8957 | Lab      | Killed a minotaur
  9116 | D:11     | Noticed an unseen horror
  9125 | D:11     | Killed an unseen horror
  9200 | D:11     | Killed a cyclops
  9292 | D:11     | Noticed a cyclops
  9298 | D:11     | Killed a cyclops
  9298 | D:11     | Reached XP level 11. HP: 89/99 MP: 11/14
  9592 | D:12     | Reached skill level 13 in Polearms
  9792 | D:12     | Noticed a two-headed ogre
  9799 | D:12     | Killed a two-headed ogre
  9799 | D:12     | Reached skill level 10 in Fighting
 10009 | D:12     | Noticed Nergalle
 10021 | D:12     | Killed Nergalle
 10393 | D:13     | Noticed a deep elf mage
 10546 | D:13     | Noticed a two-headed ogre
 10571 | D:12     | Reached skill level 14 in Polearms
 10694 | D:12     | HP: 4/101 [two-headed ogre/giant club (16)]
 10694 | D:12     | Mangled by a two-headed ogre

Skill      XL: |  1  2  3  4  5  6  7  8  9 10 11 |
---------------+----------------------------------+-----
Polearms       | 2 3 4 5 6 7 9 11 12 14 | 14.0
Fighting       | 3 4 5 7 8 9 10 | 10.5
Armour         | |  2.6
Shields        | |  2.6

Action                   |  1- 3 |  4- 6 |  7- 9 | 10-12 || total
-------------------------+-------+-------+-------+-------++-------
Melee: Trident           |   155 |   201 |   108 |       ||   464
       Halberd           |       |       |   291 |   290 ||   581
Evoke: Wand              |       |     3 |     3 |    36 ||    42
  Use: Scroll            |       |     7 |    11 |    12 ||    30
       Potion            |       |       |       |    10 ||    10
 Stab: Paralysed         |       |     7 |     2 |       ||     9
       Sleeping          |       |       |     1 |       ||     1
  Eat: Chunk             |     2 |     8 |     4 |     8 ||    22
       Ration            |       |       |     3 |       ||     3
Armor: Scale mail        |    56 |    81 |       |       ||   137
       Troll leather arm |       |    25 |   153 |    92 ||   270
Dodge: Dodged            |    40 |    99 |   202 |   124 ||   465
       Deflected         |       |       |     1 |    24 ||    25
